 Dungeon Crawl Stone Soup version 0.27-a0-732-ga892ba84f6 (webtiles) character file.

167849 st0uf the Eclecticist (level 17, 92/100 HPs)
             Began as a Gargoyle Earth Elementalist on Sept 29, 2016.
             Was the Champion of Vehumet.
             Quit the game on level 4 of the Swamp on Mar 23, 2021.
             The game lasted 04:50:47 (43107 turns).

st0uf the Eclecticist (GrEE)                       Turns: 43107, Time: 04:50:47

Health: 92/100     AC: 29    Str: 16    XL:     17   Next: 63%
Magic:  30/36      EV: 16    Int: 25    God:    Vehumet [******]
Gold:   1683       SH: 12    Dex: 15    Spells: 20/46 levels left

rFire    + + .     SeeInvis +   I - +8 dagger of Exoneration {pain, Will+}
rCold    + . .     Faith    .   k - +0 buckler {rF+}
rNeg     + . .     Spirit   .   e - +2 robe {rC+}
rPois    ∞         Reflect  +   W - +2 helmet
rElec    +         Harm     .   i - +1 cloak
rCorr    .         Rampage  .   q - +1 pair of gloves
Will     ++...                  r - +2 pair of boots
Stlth    +.........             S - amulet of reflection
HPRegen  0.26/turn              R - ring "Bixachok" {Int+4 Dex+5 SInv Stlth-}
MPRegen  0.25/turn              G - ring of protection from fire

@: flying
A: AC +12, big wings, negative energy resistance 1, electricity resistance,
torment resistance 1, unbreathing 1, petrification resistance, strong 1
}: 1/15 runes: decaying
a: Stop Flying, Renounce Religion


You were on level 4 of the Swamp.
You worshipped Vehumet.
Vehumet was exalted by your worship.
You visited 5 branches of the dungeon, and saw 28 of its levels.

You collected 2570 gold pieces.
You spent 887 gold pieces at shops.

Inventory:

Hand Weapons
 I - the +8 dagger of Exoneration (weapon) {pain, Will+}
   (You bought it in a shop on level 2 of the Orcish Mines)

   In the hands of one skilled in necromantic magic, it inflicts extra damage on
   living creatures.
   It affects your willpower, your defense against some magical effects.
Missiles
 b - 476 stones (quivered)
 j - 2 throwing nets
Armour
 e - a +2 robe of cold resistance (worn)
 i - a +1 cloak (worn)
 k - a +0 buckler of fire resistance (worn)
 m - a +2 robe of positive energy
 q - a +1 pair of gloves (worn)
 r - a +2 pair of boots (worn)
 W - a +2 helmet (worn)
Jewellery
 g - a ring of stealth
 F - a ring of protection from fire
 G - a ring of protection from fire (left hand)
 R - the ring "Bixachok" (right hand) {Int+4 Dex+5 SInv Stlth-}
   (You bought it in a shop on level 2 of the Orcish Mines)

   [ring of intelligence]

   It affects your intelligence (+4).
   It affects your dexterity (+5).
   It lets you see invisible.
   It makes you less stealthy.
 S - an amulet of reflection (around neck)
Wands
 A - a wand of acid (5)
 M - a wand of removedness (9)
 U - a wand of charming (11)
 X - a wand of removedness (5)
Scrolls
 f - 6 scrolls of identify
 l - 2 scrolls of magic mapping
 n - 2 scrolls of removedness
 p - 6 scrolls of removedness
 v - 5 scrolls of immolation
 x - a scroll of enchant weapon
 y - 2 scrolls of teleportation
 C - 6 scrolls of blinking
 E - 2 scrolls of fog
 K - a scroll of enchant armour
 L - 11 scrolls of fear
 N - 3 scrolls of noise {unknown}
 P - 2 scrolls of holy word {unknown}
 T - a scroll of summoning {unknown}
 Y - 2 scrolls of silence {unknown}
Potions
 a - 3 potions of haste
 o - 5 potions of heal wounds
 s - 15 potions of curing
 t - 6 potions of might
 w - 2 potions of cancellation
 B - 4 potions of brilliance
 D - 4 potions of attraction
 H - a potion of resistance
 O - 3 potions of magic
 Z - a potion of ambrosia {unknown}
Miscellaneous
 c - a removed lamp of fire
 h - a removed fan of gales
Comestibles
 d - 13 removed foods
 u - 4 removed foods
 J - 6 removed foods


   Skills:
 - Level 9.1 Fighting
 - Level 4.6 Staves
 - Level 8.9 Armour
 + Level 8.8 Dodging
 - Level 2.1 Stealth
 + Level 10.5 Shields
 - Level 2.3 Unarmed Combat
 * Level 15.0 Spellcasting
 + Level 12.5 Conjurations
 - Level 0.7 Transmutations
 + Level 10.6 Fire Magic
 + Level 13.9 Earth Magic


You had 20 spell levels left.
You knew the following spells:

 Your Spells              Type           Power      Damage    Failure   Level
a - Sandblast             Erth           100%       2d20      0%          1
b - Stone Arrow           Conj/Erth      100%       3d13      1%          3
c - Lee's Rapid Deconstr  Erth           36%        3d19*     1%          5
d - Foxfire               Conj/Fire      100%       2x1d9     1%          1
e - Sticky Flame          Conj/Fire      67%        2d8       1%          4
f - Fireball              Conj/Fire      33%        3d14      1%          5
g - Apportation           Tloc           36%        N/A       3%          1
h - Starburst             Conj/Fire      33%        8x6d10    1%          6

Your spell library contained the following spells:

 Spells                   Type           Power      Damage    Failure   Level
 Bolt of Cold             Conj/Ice       25%        6d8       10%         6
 Animate Skeleton         Necr           36%        N/A       3%          1
 Pain                     Necr           72%        1d7       3%          1
 Lesser Beckoning         Tloc           9%         N/A       9%          3
 Tukima's Dance           Hex            18%        N/A       9%          3
 Vampiric Draining        Necr           9%         2d7       9%          3
 Animate Dead             Necr           9%         N/A       28%         4
 Alistair's Intoxication  Tmut/Pois      13%        N/A       56%         5
 Invisibility             Hex            18%        N/A       99%         6


Dungeon Overview and Level Annotations

Branches:
Dungeon (15/15)            Temple (1/1) D:7            Lair (6/6) D:10
  Swamp (4/4) Lair:4       Spider (0/4) Lair:4        Slime (0/5) Lair:6
    Orc (2/2) D:12            Elf (0/3) Orc:2        Vaults (0/5) D:14
 Depths (0/5) D:15

Altars:
Ashenzari
Cheibriados
Dithmenos
Kikubaaqudgha
Makhleb
Qazlal
Sif Muna
Vehumet
Xom
Zin
Beogh
Jiyva

Shops:
D:6 x   D:7 !   D:10 :   D:12 [   Orc:2 =[*(

Annotations:
Lair:5 exclusion: downstairs
Lair:6 Xiguana's ghost, journeyman DsCK
Swamp:2 exclusion: downstairs


Innate Abilities, Weirdness & Mutations

Your stone body is resilient. (AC +12)
You are immune to poison.
Your large and strong wings let you fly indefinitely.
You resist negative energy. (rN+)
You are resistant to electric shocks. (rElec)
You are resistant to unholy torment.
You can survive without breathing.
You are immune to petrification.
Your muscles are strong. (Str +2)


Message History

Things that are here:
a quarterstaff of crushing; an embroidered robe You now have 1683 gold pieces (gained 23).
f - 6 scrolls of identify (gained 1)
v - 5 scrolls of immolation (gained 1)
Found 4 javelins.
Done exploring.
Okay, then.
Save game and exit?
Welcome back, st0uf the Gargoyle Earth Elementalist.
Vehumet says: Let it end in hellfire!
Press ? for a list of commands and other information.
Quiver which item? (- for none, * to show all) (? for menu, Esc to quit)
Okay, then.
Save game and exit?
Welcome back, st0uf the Gargoyle Earth Elementalist.
Vehumet says: Let it end in hellfire!
Press ? for a list of commands and other information.
Wield which item (- for none, * to show all)? (? for menu, Esc to quit)
Okay, then.
Quiver which item? (- for none, * to show all) (? for menu, Esc to quit)
Okay, then.
Quiver which item? (- for none, * to show all) (? for menu, Esc to quit)
Okay, then.
Okay, then.
Are you sure you want to abandon this character and quit the game? (Confirm with "yes".)
Okay, then.
Save game and exit?
Welcome back, st0uf the Gargoyle Earth Elementalist.
Vehumet says: Let it end in hellfire!
Press ? for a list of commands and other information.
Quiver which item? (- for none, * to show all) (? for menu, Esc to quit)
Okay, then.
Are you sure you want to abandon this character and quit the game? (Confirm with "yes".)
Okay, then.
Save game and exit?
Welcome back, st0uf the Gargoyle Earth Elementalist.
Vehumet says: Let it end in hellfire!
Press ? for a list of commands and other information.
Are you sure you want to abandon this character and quit the game? (Confirm with "yes".)

≈≈≈## ♣♣≈.♣♣♣ ....#
♣≈≈.≈≈♣♣♣♣♣♣ ≈♣.≈#
♣♣♣≈..≈♣♣..♣♣ ###.#
♣♣≈≈≈.♣♣...♣ ....♣#
♣≈≈.[≈.≈..≈♣
≈≈.≈.##♣♣.≈≈≈.....♣
##≈..≈# ♣≈♣≈≈≈....♣
.###..#♣♣...≈.≈≈..♣
≈.##..#♣≈≈..≈≈..@≈♣
≈.≈..♣#♣♣.)≈≈≈...≈♣
≈.≈≈♣.# ♣..≈≈≈...♣♣
≈≈.≈§♣#♣♣.≈≈≈≈≈.♣♣
..#≈.≈#♣..≈≈≈≈.♣♣
≈###..#♣≈.≈≈≈.♣♣
##..≈≈#♣♣§.≈≈≈≈♣♣
.≈≈.≈## ♣♣.≈≈≈.≈♣♣
§≈.≈♣# ♣♣≈.≈≈.≈.≈♣♣


There were no monsters in sight!

Vanquished Creatures
  the Lernaean hydra (Swamp:4)
  Jorgrun (Swamp:4)
  A tentacled monstrosity (Swamp:3)
  2 thorn hunters
  Kirke (Lair:5)
  2 orc warlords (Orc:1)
  Aizul (Swamp:2)
  A dire elephant (D:15)
  Snorg (Lair:5)
  Josephine (Lair:6)
  Harold (Orc:1)
  24 hydras
  4 ghost crabs
  A catoblepas (Lair:5)
  A merfolk avatar (Lair:6)
  7 alligators
  A death knight (D:14)
  An ogre mage (D:14)
  3 tengu warriors
  A queen ant (Lair:2)
  3 death yaks
  An orc high priest (Orc:2)
  The ghost of Shenda the Carver, a novice VSFi of Okawaru (D:7)
  An unseen horror (shapeshifter) (D:15)
  2 sea snakes (Lair:6)
  An unseen horror (D:12)
  A shambling mangrove (Swamp:2)
  A removed hill giant (D:10)
  2 obsidian statues (D:13)
  9 swamp dragons
  2 harpies (Lair:6)
  15 ugly things
  A cyclops (D:15)
  3 deep elf pyromancers (D:13)
  3 orc knights (Orc:1)
  7 orc sorcerers
  3 manticores
  A salamander (D:15)
  A wolf spider (D:15)
  Maurice (D:10)
  17 elephants
  2 gargoyles
  5 black mambas
  13 cane toads
  4 rime drakes
  8 komodo dragons
  A yaktaur (shapeshifter) (D:13)
  3 freezing wraiths
  3 tengu conjurers
  A wind drake (Lair:5)
  9 polar bears
  5 trolls
  9 two-headed ogres
  A harpy skeleton (D:15)
  2 hornets (Swamp:3)
  17 slime creatures
  7 bog bodies
  A tyrant leech (Swamp:3)
  5 dream sheep (Lair:5)
  17 blink frogs
  16 removed hippogriffs
  Sigmund (D:2)
  A shadow (Swamp:3)
  50 yaks
  2 spriggans
  5 wraiths
  3 redbacks (Lair:4)
  A water elemental (D:12)
  9 hogs
  A human (D:7)
  Grum (D:10)
  5 basilisks
  6 wyverns
  A steam dragon (D:9)
  7 removed hungry ghosts
  32 vampire mosquitoes
  2 wargs (Orc:1)
  21 soldier ants
  6 insubstantial wisps
  2 acid dragons
  28 swamp worms
  22 water moccasins
  5 removed porcupines
  14 swamp drakes
  A removed wasp (Swamp:1)
  6 ice beasts
  25 orc warriors
  A black bear (D:8)
  9 ogres
  3 sky beasts
  A phantom (D:12)
  28 wolves
  4 boggarts (D:15)
  5 centaurs
  15 removed crocodiles
  The ghost of p0werm0de the Conjurer, an amateur KoWz of Ashenzari (D:4)
  5 kobold brigands
  25 bullfrogs
  2 troll zombies (D:12)
  3 scorpions
  2 killer bees (D:9)
  A ghost (Lair:6)
  14 wights
  An electric eel (Lair:4)
  9 howler monkeys
  4 centaur zombies
  14 crimson imps
  7 hounds
  4 jellies
  25 orc wizards
  17 orc priests
  Jessica (D:3)
  4 centaur skeletons
  11 iguanas
  27 worker ants
  6 ogre zombies (D:12)
  A hound skeleton (D:4)
  2 worker ant zombies
  Robin (D:2)
  A howler monkey skeleton (D:9)
  12 adders
  A gnoll (D:2)
  34 river rats
  4 shadow imps
  3 white imps (D:8)
  2 oozes
  3 adder skeletons
  An adder zombie (D:5)
  3 worms
  A dart slug (D:1)
  58 orcs
  4 removed leopard geckos
  2 ball pythons
  8 bats
  5 giant cockroaches
  8 hobgoblins
  8 jackals
  27 kobolds
  5 quokkas
  10 frilled lizards
  14 goblins
  5 goblin zombies (D:12)
  A hobgoblin skeleton (D:12)
  A hobgoblin zombie (D:12)
  A jackal skeleton (D:4)
  3 orc skeletons (D:12)
  14 orc zombies (D:12)
  7 rats
  2 plants
1019 creatures vanquished.

Vanquished Creatures (others)
  4 briar patches (Swamp:4)
  22 fungi
  18 plants
44 creatures vanquished.

Grand Total: 1063 creatures vanquished

Notes
Turn   | Place    | Note
-------+----------+-------------------------------------------
     0 | D:1      | st0uf the Gargoyle Earth Elementalist began the quest for
                  | the Orb.
     0 | D:1      | Reached XP level 1. HP: 10/10 MP: 3/3
   219 | D:1      | Reached XP level 2. HP: 15/15 MP: 3/5
   553 | D:2      | Reached XP level 3. HP: 9/19 MP: 0/7
   716 | D:2      | Noticed Robin
   734 | D:2      | Killed Robin
   734 | D:2      | Reached skill level 3 in Spellcasting
   958 | D:2      | Noticed Sigmund
  1249 | D:3      | Learned a level 3 spell: Stone Arrow
  1292 | D:3      | Reached XP level 4. HP: 14/24 MP: 0/9
  1829 | D:4      | Noticed p0werm0de's ghost (amateur KoWz)
  1855 | D:3      | Noticed Jessica
  1861 | D:3      | Killed Jessica
  1882 | D:2      | Reached skill level 1 in Conjurations
  2039 | D:4      | Noticed an ogre
  2069 | D:4      | Killed an ogre
  2069 | D:4      | Reached skill level 4 in Spellcasting
  2069 | D:4      | Reached skill level 5 in Earth Magic
  2069 | D:4      | Reached XP level 5. HP: 24/28 MP: 5/11
  2120 | D:4      | Learned a level 5 spell: Lee's Rapid Deconstruction
  2210 | D:4      | Noticed an ogre
  2213 | D:4      | Killed an ogre
  2213 | D:4      | Reached XP level 6. HP: 32/32 MP: 6/12
  2273 | D:5      | Entered Level 5 of the Dungeon
  2468 | D:5      | Reached skill level 5 in Spellcasting
  2652 | D:5      | Reached XP level 7. HP: 35/36 MP: 8/14
  3314 | D:6      | Found Jeofrog's Food Emporium.
  3794 | D:6      | Reached skill level 6 in Spellcasting
  3912 | D:6      | Reached XP level 8. HP: 41/41 MP: 10/17
  4163 | D:7      | Noticed Shenda's ghost (novice VSFi)
  4523 | D:4      | Killed p0werm0de's ghost
  4704 | D:7      | Reached skill level 7 in Spellcasting
  4704 | D:7      | Reached skill level 5 in Conjurations
  4717 | D:7      | Noticed a hippogriff
  4738 | D:7      | Found a staircase to the Ecumenical Temple.
  4772 | Temple   | Entered the Ecumenical Temple
  4789 | Temple   | Became a worshipper of Vehumet
  4981 | D:8      | Reached XP level 9. HP: 45/45 MP: 7/20
  5319 | D:8      | Reached skill level 8 in Spellcasting
  5658 | D:8      | Reached * piety under Vehumet
  5658 | D:8      | Offered knowledge of Flame Tongue by Vehumet.
  5661 | D:8      | Learned a level 1 spell: Flame Tongue
  6038 | D:8      | Reached skill level 1 in Fire Magic
  6224 | D:8      | Reached skill level 1 in Armour
  6281 | D:8      | Reached skill level 1 in Fighting
  6339 | D:8      | Reached skill level 1 in Shields
  6452 | D:8      | Reached XP level 10. HP: 53/53 MP: 2/22
  6462 | D:8      | Reached ** piety under Vehumet
  6601 | D:7      | Offered knowledge of Throw Flame by Vehumet.
  6670 | D:7      | Reached skill level 9 in Spellcasting
  7239 | D:3      | Found a burning altar of Makhleb.
  7340 | D:3      | Found a snail-covered altar of Cheibriados.
  7347 | D:3      | Found a shadowy altar of Dithmenos.
  7384 | D:3      | Found a glowing silver altar of Zin.
  7384 | D:3      | Found a shimmering altar of Xom.
  7394 | D:3      | Found an ancient bone altar of Kikubaaqudgha.
  7815 | D:2      | Found a faded altar of an unknown god.
  8149 | D:2      | Offered knowledge of Inner Flame by Vehumet.
  8582 | D:1      | Reached *** piety under Vehumet
  8857 | D:2      | Killed Sigmund
  8951 | D:7      | Killed Shenda's ghost
  8951 | D:7      | Reached skill level 1 in Unarmed Combat
  9174 | D:7      | Found Ykhlesel's Distillery.
  9887 | D:9      | Offered knowledge of Sticky Flame by Vehumet.
  9893 | D:9      | Learned a level 4 spell: Sticky Flame
 10353 | D:9      | Reached XP level 11. HP: 60/60 MP: 10/24
 10424 | D:10     | Entered Level 10 of the Dungeon
 10467 | D:10     | Found a shattered altar of Ashenzari.
 10489 | D:10     | Found a stormy altar of Qazlal.
 10894 | D:10     | Reached **** piety under Vehumet
 10897 | D:10     | Offered knowledge of Iskenderun's Battlesphere by Vehumet.
 11110 | D:10     | Found a staircase to the Lair.
 11242 | D:10     | Found Puenayc's Book Shop.
 11285 | D:10     | Noticed Grum
 11305 | D:10     | Killed Grum
 11312 | D:10     | Reached skill level 10 in Spellcasting
 11361 | D:10     | Noticed Maurice
 11366 | D:10     | Killed Maurice
 11477 | D:10     | Noticed a hill giant
 11481 | D:10     | Killed a hill giant
 11726 | Lair:1   | Entered Level 1 of the Lair of Beasts
 11742 | Lair:1   | Reached skill level 5 in Fighting
 12336 | Lair:1   | Reached skill level 10 in Earth Magic
 12473 | Lair:1   | Reached ***** piety under Vehumet
 12473 | Lair:1   | Reached XP level 12. HP: 68/68 MP: 9/26
 12604 | Lair:1   | Offered knowledge of Olgreb's Toxic Radiance by Vehumet.
 12676 | Lair:1   | Reached skill level 5 in Fire Magic
 12985 | Lair:2   | Reached skill level 5 in Armour
 13340 | Lair:1   | Reached skill level 5 in Shields
 14066 | Lair:2   | Noticed a death yak
 14101 | Lair:2   | Noticed a seven-headed hydra
 14106 | Lair:2   | Killed a seven-headed hydra
 14494 | Lair:3   | Reached skill level 11 in Spellcasting
 14809 | Lair:3   | Noticed a queen ant
 14967 | Lair:2   | Killed a queen ant
 15052 | Lair:3   | Offered knowledge of Fireball by Vehumet.
 15059 | Lair:3   | Learned a level 5 spell: Fireball
 15166 | Lair:3   | Reached XP level 13. HP: 73/76 MP: 5/28
 15315 | Lair:3   | Reached skill level 5 in Dodging
 16332 | Lair:4   | Found a hole to the Spider Nest.
 17393 | Lair:4   | Identified the +4 dire flail "Jydopp" {crush, rN+ MR-
                  | Dex+2} (You found it on level 4 of the Lair of Beasts)
 17528 | Lair:4   | Found a staircase to the Swamp.
 18326 | Lair:5   | Offered knowledge of Poison Arrow by Vehumet.
 18424 | Lair:5   | Reached skill level 1 in Staves
 18510 | Lair:5   | Noticed Josephine
 18746 | Lair:5   | Noticed Kirke
 19306 | Lair:5   | Killed Kirke
 19738 | Lair:6   | Entered Level 6 of the Lair of Beasts
 19738 | Lair:6   | Noticed Snorg
 19790 | Lair:5   | Reached skill level 12 in Spellcasting
 19790 | Lair:5   | Gained mutation: Your large and strong wings let you fly
                  | indefinitely. [Gargoyle growth]
 19790 | Lair:5   | Reached XP level 14. HP: 20/83 MP: 9/30
 20065 | Lair:6   | Noticed Xiguana's ghost (journeyman DsCK)
 20588 | Lair:1   | Gained mutation: Your muscles are strong. (Str +2) [potion
                  | of beneficial mutation]
 20971 | D:11     | Found a deep blue altar of Sif Muna.
 22081 | D:12     | Reached skill level 10 in Conjurations
 22420 | D:12     | Found a staircase to the Orcish Mines.
 22707 | D:12     | Offered knowledge of Iron Shot by Vehumet.
 23122 | D:12     | Found Kiula Qod's Antique Armour Boutique.
 23403 | Orc:1    | Entered Level 1 of the Orcish Mines
 23403 | Orc:1    | Noticed Harold
 23412 | Orc:1    | Killed Harold
 23495 | Orc:2    | Entered Level 2 of the Orcish Mines
 23515 | Orc:2    | Noticed an orc warlord
 24003 | Orc:1    | Found a roughly hewn altar of Beogh.
 24658 | Orc:2    | Found a staircase to the Elven Halls.
 24913 | Orc:2    | Noticed an orc warlord
 24945 | Orc:1    | Killed an orc warlord
 25354 | Orc:2    | Paralysed by an orc sorcerer for 3 turns
 25789 | Orc:2    | Found a roughly hewn altar of Beogh.
 25990 | Orc:1    | Killed an orc warlord
 26295 | Orc:2    | Found Uboggepn's Jewellery Boutique.
 26300 | Orc:2    | Found Ytiziy's Antique Weapon Boutique.
 26305 | Orc:2    | Found Ilurerakk's General Store.
 26359 | Orc:2    | Found Dacse's Antique Armour Boutique.
 26383 | Orc:2    | Bought the ring "Bixachok" {Int+4 Dex+5 SInv Stlth-} for
                  | 614 gold pieces
 27177 | Swamp:1  | Entered Level 1 of the Swamp
 27386 | Swamp:1  | Offered knowledge of Poisonous Cloud by Vehumet.
 27390 | Swamp:1  | Learned a level 1 spell: Apportation
 27613 | Swamp:1  | Reached XP level 15. HP: 89/89 MP: 5/31
 28478 | Lair:1   | Upgraded the game from 0.19-a0-1720-gc855d72 to
                  | 0.19-a0-1786-g230130f
 28478 | Lair:1   | Upgraded the game from 0.19-a0-1786-g230130f to
                  | 0.20-a0-17-g69bea3c
 28478 | Lair:1   | Upgraded the game from 0.20-a0-17-g69bea3c to
                  | 0.20-a0-1006-ge6c5631
 29959 | Lair:5   | Killed Snorg
 29959 | Lair:5   | Reached skill level 13 in Spellcasting
 30279 | Lair:6   | Killed Josephine
 31533 | Lair:6   | Offered knowledge of Bolt of Fire by Vehumet.
 31546 | Lair:6   | Learned a level 6 spell: Bolt of Fire
 32465 | Lair:6   | Identified the +10 morningstar of Pago Lett {venom, Str+5}
                  | (You found it on level 6 of the Lair of Beasts)
 32773 | Lair:6   | Found a viscous altar of Jiyva.
 32773 | Lair:6   | Found a staircase to the Slime Pits.
 33356 | Orc:2    | Bought a brightly glowing dagger for 273 gold pieces
 33356 | Orc:2    | Identified the +8 dagger of Exoneration {pain, MR+} (You
                  | bought it in a shop on level 2 of the Orcish Mines)
 34258 | D:13     | Offered knowledge of Bolt of Cold by Vehumet.
 34798 | D:13     | Reached XP level 16. HP: 96/96 MP: 0/33
 35933 | D:14     | Found a gate to the Vaults.
 36395 | D:15     | Entered Level 15 of the Dungeon
 36792 | D:15     | Found a staircase to the Depths.
 36895 | D:15     | Reached skill level 14 in Spellcasting
 38379 | Swamp:2  | Noticed a thorn hunter
 38593 | Swamp:2  | Noticed Aizul
 38613 | Swamp:2  | Killed Aizul
 38821 | Swamp:2  | Killed a thorn hunter
 39167 | Swamp:2  | Identified a scroll of acquirement
 39168 | Swamp:2  | Got a vibrating lead amulet
 39170 | Swamp:2  | Identified the amulet "Vaofub" {Gourm rPois Int-2 Dex+8
                  | Slay-5} (You acquired it on level 2 of the Swamp)
 39851 | Swamp:3  | Reached skill level 10 in Fire Magic
 39852 | Swamp:3  | Noticed a tentacled monstrosity
 40486 | Swamp:3  | Killed a tentacled monstrosity
 40486 | Swamp:3  | Reached XP level 17. HP: 55/100 MP: 10/35
 40820 | Swamp:4  | Entered Level 4 of the Swamp
 40937 | Swamp:4  | Noticed Jorgrun
 41444 | Swamp:4  | Reached skill level 10 in Shields
 42004 | Swamp:4  | Reached ****** piety under Vehumet
 42044 | Swamp:4  | Noticed the 27-headed Lernaean hydra
 42579 | Swamp:4  | Killed the 27-headed Lernaean hydra
 42777 | Swamp:4  | Got a decaying rune of Zot
 42933 | Swamp:4  | Killed Jorgrun
 42933 | Swamp:4  | Reached skill level 15 in Spellcasting
 43107 | Swamp:4  | Upgraded the game from 0.20-a0-1006-ge6c5631 to
                  | 0.20-a0-1017-gc3250ce
 43107 | Swamp:4  | Upgraded the game from 0.20-a0-1017-gc3250ce to
                  | 0.21-a0-91-ga5031da
 43107 | Swamp:4  | Upgraded the game from 0.24-a0-698-g60d090ba07 to
                  | 0.27-a0-732-ga892ba84f6
 43107 | Swamp:4  | Quit the game

Illustrated notes

Levels and vault maps discovered:
D:1:      eino_arrival_druids_welcome, kennysheep_pointless_box
D:2:      ecumenical_altar_2, uniq_robin, uniq_sigmund
D:3:      gammafunk_temple_overflow_forgotten, minitemple, lemuel_doored_altar,
          first_bread, uniq_jessica
D:6:      serial_shops, kennysheep_mini_moat, minmay_misc_feat_chi
D:7:      serial_shops, nicolae_shop_competitors_out_of_business,
          grunt_livestock
D:8:      minmay_nine_imps
D:9:      wad_dig_loot
D:10:     dpeg_lair_monsters, serial_shops, nicolae_shop_behind_doors,
          basic_altar, evilmike_ruin_ashenzari, uniq_grum, uniq_maurice
D:11:     basic_altar
D:12:     statuecave_lemuel, zombieorc2_lemuel, serial_shops,
          nicolae_shop_behind_doors
D:13:     nicolae_wwwww, minmay_more_statues
D:14:     david_vaults_2, hangedman_abyss_or_decor_passed
D:15:     hangedman_depths_entry_try_elsewhere_first, minmay_stone_trees_medium
Temple:   regret_index_temple_generic_petals
Lair:2:   st_stairs_8
Lair:3:   minivault_29, grunt_megastairs_3, serial_bayou_shore_b,
          infiniplex_staircase_pool
Lair:4:   nicolae_swamp_entry_splash_gauntlet, spider_nest_entry_webs
Lair:5:   st_stairs_9, beast_lair_carwin_3, grunt_megastairs_2, uniq_josephine,
          uniq_kirke
Lair:6:   gammafunk_lair_ancient_temple, dpeg_slime_entry_enclosed_altar,
          uniq_snorg
Swamp:1:  evilmike_swamp_ruin_house_4, swamp_pool2
Swamp:2:  hangedman_swamp_ruin_wall, swamp_pool1, grunt_hermit_hut, uniq_aizul
Swamp:3:  infiniplex_staircase_pool_2
Swamp:4:  swamp_basic_johnstein, swamp_pool1, uniq_jorgrun
Orc:1:    basic_altar, uniq_harold
Orc:2:    grunt_orc_cross

Skill      XL: |  1  2  3  4  5  6  7  8  9 10 11 12 13 14 15 16 17 |
---------------+----------------------------------------------------+-----
Earth Magic    | 4 5 6 7 8 9 10 11 12 13 | 13.9
Spellcasting   | 3 4 5 6 7 8 9 10 11 12 13 14 15 | 15.0
Conjurations   | 1 2 3 5 6 7 8 9 10 11 12 | 12.5
Fire Magic     | 2 3 4 6 7 8 10 | 10.6
Armour         | 1 3 4 6 7 8 |  8.9
Fighting       | 1 3 5 6 7 8 9 |  9.1
Shields        | 1 3 4 5 6 7 8 9 10 | 10.5
Dodging        | 2 3 4 5 6 7 8 |  8.8
Unarmed Combat | 2 |  2.3
Staves         | 2 3 4 |  4.6
Stealth        | |  2.1
Transmutations | |  0.7

Action                   |  1- 3 |  4- 6 |  7- 9 | 10-12 | 13-15 | 16-18 || total
-------------------------+-------+-------+-------+-------+-------+-------++-------
Melee: Unarmed           |    22 |       |    23 |    91 |    28 |       ||   164
       Dagger            |       |       |       |       |    49 |   119 ||   168
Throw: Stone             |       |       |       |       |     1 |       ||     1
 Cast: Sandblast         |    85 |    81 |    36 |   193 |   138 |    24 ||   557
       Stone Arrow       |       |       |   126 |   276 |   686 |   293 ||  1381
       Flame Tongue      |       |       |     7 |     3 |       |    12 ||    22
       Lee's Rapid Decon |       |       |     3 |    31 |    67 |     9 ||   110
       Sticky Flame      |       |       |       |       |   137 |    48 ||   185
       Fireball          |       |       |       |       |    83 |   122 ||   205
       Bolt of Fire      |       |       |       |       |    19 |       ||    19
 Abil: Hurl Damnation    |       |       |       |       |     1 |       ||     1
       Fly               |       |       |       |       |     1 |       ||     1
       Stop Flying       |       |       |       |       |     1 |       ||     1
Evoke: Box of beasts     |       |       |       |       |     1 |       ||     1
  Use: Scroll            |       |       |     4 |    16 |    13 |     6 ||    39
       Potion            |       |       |       |       |     1 |     2 ||     3
  Eat: Removed food      |     1 |     4 |    15 |    30 |    66 |     8 ||   124
       Removed food      |       |       |       |     1 |     1 |     1 ||     3
       Removed food      |       |       |       |       |     3 |       ||     3
       Removed food      |       |       |       |       |     2 |     4 ||     6
       Removed food      |       |       |       |       |     2 |     1 ||     3
Armor: Robe              |    20 |    16 |    54 |   149 |   340 |   262 ||   841
Dodge: Dodged            |    54 |    25 |    61 |   205 |   406 |   342 ||  1093
Block: Buckler           |       |       |       |    63 |   234 |   180 ||   477
       Reflection        |       |       |       |       |     6 |       ||     6

Table legend: (Time is in decaauts)
 A = Elapsed time spent in this place.
 B = Non-inter-level travel time spent in this place.
 C = Inter-level travel time spent in this place.
 D = Time resting spent in this place.
 E = Time spent auto-exploring this place.
 F = Levels seen in this place.
 G = Mean time per level.
                   A        B        C        D        E       F      G
               +--------+--------+--------+--------+--------+-----+--------+
         Total |  12856 |  12774 |     82 |    789 |    603 |  28 |  459.1 |
       Dungeon |   5733 |   5692 |     41 |    305 |    351 |  15 |  382.2 |
        Temple |     33 |     33 |      0 |      2 |      0 |   1 |   33.0 |
          Lair |   4241 |   4214 |     27 |    275 |    127 |   6 |  706.8 |
         Swamp |   1657 |   1649 |      8 |    127 |     93 |   4 |  414.2 |
  Orcish Mines |   1192 |   1186 |      6 |     80 |     32 |   2 |  596.0 |
               +--------+--------+--------+--------+--------+-----+--------+
